 Dungeon Crawl Stone Soup version 0.26.1-11-gd32895ea62 (webtiles) character file.

Game seed: 16116746960636935466

312 Zeld the Twirler (level 6, -5/39 HPs)
             Began as an Octopode Gladiator on May 22, 2021.
             Killed from afar by an orc wizard (7 damage)
             ... with a puff of flame
             ... on level 3 of the Dungeon.
             The game lasted 00:03:25 (3672 turns).

Zeld the Twirler (Octopode Gladiator)               Turns: 3672, Time: 00:03:26

Health: -5/39      AC:  1    Str: 15    XL:     6   Next: 42%
Magic:  6/6        EV: 14    Int: 11    God:
Gold:   68         SH:  0    Dex: 13    Spells: 5/5 levels left

rFire    . . .     SeeInvis .   a - +0 quarterstaff
rCold    . . .     Faith    .   (shield currently unavailable)
rNeg     . . .     Spirit   .   b - +0 hat
rPois    .         Reflect  .   (no amulet)
rElec    .         Harm     .   (no ring)
rCorr    .         Rampage  .   (no ring)
Will     .....                  (no ring)
Stlth    ++........             (no ring)
HPRegen  0.13/turn              (no ring)
MPRegen  0.10/turn              (no ring)
                                (no ring)
                                (no ring)

@: slowed, very slow
A: almost no armour, stealthy swim, amphibious, 8 rings, constrict 8, camouflage
1, gelatinous body 1
a: no special abilities


You were on level 3 of the Dungeon.
You visited 1 branch of the dungeon, and saw 3 of its levels.

You collected 68 gold pieces.

Inventory:

Hand Weapons
 a - a +0 quarterstaff (weapon)
Missiles
 c - 3 throwing nets (quivered)
Armour
 b - a +0 hat (worn)
Jewellery
 k - a +4 ring of protection {unknown}
Scrolls
 h - 4 scrolls of identify {unknown}
 i - a scroll of enchant armour {unknown}
 j - a scroll of fear {unknown}
 l - a scroll of random uselessness {unknown}
 m - a scroll of fog {unknown}
 p - a scroll of enchant weapon {unknown}
Potions
 d - 2 potions of flight {unknown}
 e - a potion of degeneration {unknown}
 f - a potion of haste {unknown}
 g - 3 potions of might {unknown}
 n - a potion of resistance {unknown}
 o - a potion of invisibility {unknown}


   Skills:
 - Level 2.0 Fighting
 * Level 7.0 Staves
 - Level 2.0 Throwing
 - Level 3.0 Dodging


You had 5 spell levels left.
You didn't know any spells.
Your spell library was empty.

Dungeon Overview and Level Annotations

Branches:
Dungeon (3/15)

Altars:
Fedhas
Vehumet

Annotations:
D:2 exclusion: oklob plant


Innate Abilities, Weirdness & Mutations

You cannot wear most types of armour.
You are very stealthy in the water. (Stealth+)
You are amphibious.
You can wear up to eight rings at the same time.
You can use your tentacles to constrict eight enemies at once.
Your skin changes colour to match your surroundings (Stealth+).
Your rubbery body absorbs attacks. (AC +1, EV +1)


Message History

A puff of flame appears from out of thin air!
The puff of flame hits you!
* * * LOW HITPOINT WARNING * * *
You miss something. Your squeeze misses something. Something hits you.
* * * LOW HITPOINT WARNING * * *
Something barely misses you.
You closely miss something.
You hear some strange, mumbled words.
A puff of flame appears from out of thin air!
The puff of flame misses you.
You barely miss something. Something hits you.
* * * LOW HITPOINT WARNING * * *
You hit something. You squeeze something.
You hear some strange, mumbled words.
A puff of flame appears from out of thin air!
The puff of flame misses you.
You hear some strange, mumbled words.
A puff of flame appears from out of thin air!
The puff of flame hits you!
You die...

##.# #.####....##.#
#. #..#
#.##.........# #.
#.## #.##.#.##.##.#
#. #.#
#.##.#.##.##.#####.
##.#
#.##....#.##......>
#..#
#.##......##.......
#.##
#.........##.######
#.########.....###.#
#)....o{@.....(.(.(#
#..#######.#.####..#
#..# #.#.# #..# #.o#
#.#.# #..# #####..#
#.#.# #..# #))....#
#.#.# #..# #
#)###.## ..... ....
. #)# #.# ≈≈≈≈ ≈ ...
..# ≈


You could see an orc.

Vanquished Creatures
  3 orc priests (D:3)
  An orc wizard (D:3)
  6 gnolls (D:3)
  3 adders
  An ooze (D:3)
  3 worms
  4 dart slugs
  13 orcs
  A ball python (D:3)
  3 giant cockroaches
  7 goblins
  2 hobgoblins
  14 jackals (D:3)
  5 kobolds
  5 bats
  7 frilled lizards
  6 rats
84 creatures vanquished.

Vanquished Creatures (others)
  2 plants (D:3)
2 creatures vanquished.

Grand Total: 86 creatures vanquished

Notes
Turn   | Place    | Note
-------+----------+-------------------------------------------
     0 | D:1      | Zeld the Octopode Gladiator began the quest for the Orb.
     0 | D:1      | Reached XP level 1. HP: 14/14 MP: 1/1
   186 | D:1      | Reached XP level 2. HP: 19/19 MP: 2/2
   341 | D:1      | You fall into a shaft and drop 1 floor!
   412 | D:2      | Reached skill level 4 in Staves
   420 | D:2      | Reached XP level 3. HP: 16/24 MP: 3/3
  1359 | D:2      | Found a blossoming altar of Fedhas.
  1370 | D:2      | Noticed an oklob plant
  1995 | D:3      | HP: 1/24 [dart slug/slug dart (3)]
  1999 | D:2      | Reached XP level 4. HP: 2/29 MP: 4/4
  2467 | D:3      | Reached skill level 5 in Staves
  2631 | D:3      | Reached XP level 5. HP: 34/34 MP: 5/5
  2886 | D:3      | HP: 1/34 [jackal (2)]
  2894 | D:3      | Reached skill level 6 in Staves
  3451 | D:3      | Found a radiant altar of Vehumet.
  3493 | D:3      | Reached XP level 6. HP: 30/39 MP: 6/6
  3655 | D:3      | Reached skill level 7 in Staves
  3672 | D:3      | Killed from afar by an orc wizard

Illustrated notes

Levels and vault maps discovered:
D:1:      amcnicky_arrival_choice, layout_loops_ring, minivault_27
D:2:      layout_rooms, tgw_fedhas
D:3:      lemuel_castle_with_subvaults [lemuel_castle_interior_carwin_1],
          layout_loops_ring, lemuel_crystal_altar, minmay_misc_feat_hallway

Skill      XL: |  1  2  3  4  5  6 |
---------------+-------------------+-----
Staves         | 4 5 6 7 |  7.0
Fighting       | |  2.0
Throwing       | |  2.0
Dodging        | |  3.0

Action                   |  1- 3 |  4- 6 || total
-------------------------+-------+-------++-------
Melee: Quarterstaff      |    65 |   114 ||   179
       Constrict         |    18 |    31 ||    49
       Tentacles         |     7 |    19 ||    26
 Stab: Sleeping          |     1 |     3 ||     4
       Distracted        |       |     2 ||     2
Armor: Skin              |     3 |     4 ||     7
Dodge: Dodged            |    48 |    82 ||   130
